AoeStats
← Birrën

Black Forest

510460977Analyzed
3v3 RM · 20h ago on Oct 1, 2026· 71m 43s· 6 players
Game mode
Random Map
Map size
Normal (6 player)
Population
200
Speed
Normal
Resources
Standard
Victory
Conquest
Starting age
Dark Age
Ending age
Imperial Age
RankedLock teamsTeams togetherTeam positionsShared explorationLock speedFull tech treeHidden civsTurbo modeCheats
Victory
Defeat
🇦🇷 Khmer · Argentina
779
+14
🇦🇷 Persians · Argentina
651
+19
🇦🇷 Chinese · Argentina
628
+20
🇦🇷 Burgundians · Argentina
820
-21
🇦🇷 Aztecs · Argentina
683
-16
🇦🇷 Bohemians · Argentina
674
-16
Tremors
9:27 Loom
12:28 Feudal Age
13:01 Wheelbarrow
13:41 Double-Bit Axe
20:37 Hand Cart
25:20 Castle Age
24:02 Bow Saw
24:06 Gold Mining
24:07 Stone Mining
24:41 Scale Barding Armor
25:14 Caravan
26:00 Cavalier
26:52 Forging
27:21 Chain Barding Armor
27:05 Husbandry
28:34 Iron Casting
37:51 Imperial Age
35:09 Town Watch
38:17 Fortified Wall
37:58 Paladin
40:15 Plate Barding Armor
40:46 Blast Furnace
47:45 Town Patrol
58:29 Man-at-Arms
58:32 Pikeman
58:57 Arson
59:14 Squires
59:22 Squires
60:54 Halberdier
61:21 Arson
61:37 Scale Mail Armor
Don Ramon
6:47 Loom
13:06 Feudal Age
14:39 Horse Collar
17:07 Forging
19:32 Wheelbarrow
23:17 Castle Age
21:28 Double-Bit Axe
22:18 Scale Mail Armor
24:39 Heavy Plow
24:52 Bow Saw
28:09 Hand Cart
29:50 Chain Mail Armor
30:03 Caravan
30:43 Gold Mining
32:20 Iron Casting
31:52 Squires
32:59 Stone Mining
34:06 Arson
34:42 Fortified Wall
38:25 Imperial Age
35:42 Town Watch
38:04 Town Patrol
38:09 Murder Holes
38:36 Ballistics
38:57 Elite Jaguar Warrior
40:42 Blast Furnace
40:57 Stone Shaft Mining
41:04 Gold Shaft Mining
41:46 Plate Mail Armor
41:51 Garland Wars
43:23 Conscription
48:09 Gambesons
53:59 Treadmill Crane
54:50 Atlatl
56:34 Chemistry
55:28 Fletching
57:31 Bodkin Arrow
58:12 Crossbowman
60:36 Arbalester
69:10 Bracer
70:45 Padded Archer Armor
agustincn420
12:36 Feudal Age
14:11 Double-Bit Axe
16:49 Fletching
21:01 Padded Archer Armor
22:49 Loom
26:12 Castle Age
26:34 Forging
26:28 Scale Mail Armor
29:09 Bodkin Arrow
30:46 Bow Saw
31:10 Caravan
32:44 Wheelbarrow
32:34 Masonry
34:06 Horse Collar
34:55 Ballistics
37:01 Chemistry
36:32 Pikeman
43:14 Imperial Age
42:51 Hand Cart
43:41 Leather Archer Armor
43:56 Clinker Construction
47:47 Architecture
47:43 Houfnice
50:43 Two-Man Saw
49:54 Heavy Plow
49:59 Bracer
52:51 Ring Archer Armor
56:36 Halberdier
61:47 Iron Casting
61:28 Chain Mail Armor
68:43 Squires
Birrën
0:37 Loom
12:22 Feudal Age
17:33 Double-Bit Axe
18:31 Horse Collar
25:09 Castle Age
23:35 Stone Mining
24:09 Man-at-Arms
24:56 Padded Archer Armor
24:48 Fletching
27:15 Leather Archer Armor
27:28 Heavy Plow
27:41 Bow Saw
31:02 Bodkin Arrow
34:36 Imperial Age
33:44 Forging
35:23 Iron Casting
36:14 Pikeman
38:33 Halberdier
40:28 Wheelbarrow
40:56 Two-Man Saw
44:55 Hand Cart
45:40 Stone Shaft Mining
44:57 Gold Mining
46:20 Ring Archer Armor
45:51 Bracer
46:51 Blast Furnace
45:52 Scale Mail Armor
45:57 Scale Barding Armor
46:25 Conscription
49:44 Squires
49:09 Elite Fire Lancer
49:38 Arson
50:20 Elite Chu Ko Nu
56:26 Elite Skirmisher
59:08 Coinage
58:39 Caravan
64:16 Capped Ram
64:17 Heavy Scorpion
65:23 Siege Ram
67:19 Long Swordsman
forrajeria.kevin
0:40 Loom
16:21 Feudal Age
17:09 Double-Bit Axe
17:08 Horse Collar
22:05 Castle Age
20:53 Gold Mining
20:55 Stone Mining
23:56 Wheelbarrow
26:50 Bow Saw
30:16 Caravan
30:37 Heavy Plow
32:31 Hand Cart
33:14 Town Watch
35:16 Gold Shaft Mining
35:17 Stone Shaft Mining
37:41 Imperial Age
35:16 Town Patrol
36:45 Padded Archer Armor
36:35 Fletching
36:56 Forging
36:46 Scale Mail Armor
36:52 Scale Barding Armor
38:15 Leather Archer Armor
37:56 Bodkin Arrow
38:26 Ballistics
38:02 Murder Holes
38:18 Fortified Wall
38:10 Elite Ballista Elephant
39:11 Conscription
38:55 Tusk Swords
40:22 Crop Rotation
41:47 Bracer
42:23 Ring Archer Armor
43:43 Iron Casting
43:23 Chain Mail Armor
43:29 Chain Barding Armor
47:12 Chemistry
46:23 Masonry
46:19 Siege Engineers
48:12 Double Crossbow
50:06 Plate Barding Armor
50:32 Blast Furnace
49:36 Cavalier
50:59 Husbandry
50:25 Light Cavalry
51:15 Bloodlines
65:49 Pikeman
66:57 Halberdier
Rayo
16:19 Feudal Age
17:00 Double-Bit Axe
19:05 Horse Collar
23:28 Wheelbarrow
29:36 Castle Age
29:27 Gold Mining
29:28 Stone Mining
30:35 Man-at-Arms
30:36 Pikeman
31:19 Husbandry
31:29 Bloodlines
31:45 Bow Saw
35:00 Hand Cart
34:38 Crossbowman
36:12 Heavy Plow
37:13 Padded Archer Armor
37:04 Fletching
40:08 Stone Shaft Mining
47:38 Imperial Age
54:42 Imperial Age
62:13 Two-Man Saw
67:56 Crop Rotation
68:47 Cavalier
Connection lost

Rejoining the realm…

Still unreachable

The connection could not be restored.

Session expired

The server has moved on; the page needs a fresh start.